[Event "Early-Titled-Tuesday-Blitz-January-16-2024"]
[Site "Chess.com"]
[Date "2024.01.16"]
[Round "10"]
[White "kai_nov"]
[Black "DonJuanEGenaro"]
[Result "0-1"]
[WhiteElo "2301"]
[BlackElo "1915"]
[TimeControl "180+1"]
[EndTime "9:58:31 PST"]
[Termination "DonJuanEGenaro won on time"]

1. d4 Nf6 2. Nc3 d6 3. e4 Nbd7 4. Nf3 e5 5. d5 Be7 6. Bg5 Nxd5 7. Nxd5 Bxg5 8. Nxg5 c6 9. Ne3 Qxg5 10. Qxd6 Nf6 11. O-O-O Be6 12. h4 Qf4 13. Bd3 Qxf2 14. Nf5 Bxf5 15.
exf5 Rd8 16. Qxe5+ Kf8 17. Bc4 Re8 18. Qd6+ Kg8 19.
Qc7 Qe3+ 20. Kb1 Qe7 21. Qxe7 Rxe7 22. Rd8+ Re8 23. Rxe8+ Nxe8 24. Re1 Kf8 25. Rd1 Ke7 26. g4 Nd6 27. Bb3 Rd8 28. Re1+ Kf8 29. a3 a5 30. c4 b5 31. c5 Nb7 32. Re5 Rd3 33. Bc2 Rd4 34. Be4 f6 35. Bxc6 fxe5 36. Bxb7 e4 37.
c6 e3 38. c7 Rc4 39. Bf3 Rxc7 40. b3 b4 41. a4 Ke7 42. Kb2 Kd6 43. g5 Ke5 44.
Bg4 Kf4 45. Be2 Kxf5 0-1

[Event "Early-Titled-Tuesday-Blitz-January-16-2024"]
[Site "Chess.com"]
[Date "2024.01.16"]
[Round "10"]
[White "jk13"]
[Black "Mikhail_Golubev"]
[Result "1-0"]
[WhiteElo "2699"]
[BlackElo "2538"]
[TimeControl "180+1"]
[EndTime "9:58:32 PST"]
[Termination "jk13 won on time"]

1. e4 c5 2. c3 d5 3. exd5 Nf6 4. d4 Nxd5 5. Nf3 e6 6. Bd3 Nc6 7. O-O Be7 8. Re1 O-O 9. Qe2 cxd4 10. cxd4 Nf6 11. Rd1 b6 12. Nc3 Bb7 13. Bg5 Nb4 14. Bb1 Nbd5 15. Ne5 Rc8 16. Qd3 Nxc3 17. bxc3 Be4 18.
Qh3 Bxb1 19. Raxb1 Nd7 20. Bxe7 Qxe7 21. Nxd7 Qxd7 22.
d5 Rfd8 23. d6 Rc6 24. Rb4 Rxd6 25. Rxd6 Qxd6 26. Rd4 Qe7 27. Qd3 Rxd4 28. Qxd4 e5 29. Qd5 g6 30. h4 Kg7 31. g3 h6 32. a4 Qc5 33. Qd3 Qc6 34. Qc2 e4 35. Qb3 Qc5 36.
c4 Qd4 37. Kg2 h5 38. Kg1 Qd3 39. Qb2+ f6 40. Qc1 Qf3 41. c5 bxc5 42. Qxc5 Qd1+ 43. Kh2 Qd7 44. a5 Qb7 45. Qd4 a6 46. Qb6 Qc8 47. Qa7+ Kh6 48. Qd4 f5 49. Qe3+ Kg7 50. Qa7+ Kh6 51.
Qe3+ Kh7 52. Qd4 Kh6 53. Qf6 Kh7 54. Qe7+ Kh6 55. Kg2 1-0

[Event "Early-Titled-Tuesday-Blitz-January-16-2024"]
[Site "Chess.com"]
[Date "2024.01.16"]
[Round "10"]
[White "MagnusCarlsen"]
[Black "PLAYER_2006_M"]
[Result "0-1"]
[WhiteElo "3288"]
[BlackElo "2930"]
[TimeControl "180+1"]
[EndTime "9:58:34 PST"]
[Termination "PLAYER_2006_M won by resignation"]

1. h4 a6 2. e4 e5 3. Nf3 Nc6 4. d4 exd4 5. Nxd4 Qf6 6. Nb3 Qe6 7. Nc3 Bb4 8. Bd2 Nf6 9. Qe2 O-O 10. f3 d5 11. exd5 Nxd5 12. Nxd5 Bxd2+ 13. Nxd2 Qxd5 14. Qe4 Qa5 15. Bd3 g6 16. O-O-O Bf5 17. Nb3 Bxe4 18.
Nxa5 Bxf3 19. gxf3 Nxa5 20. h5 Kg7 21. f4 Nc6 22. a3 f5 23. Rdg1 Rad8 24. Rg3 Ne7 25. Be2 Nd5 26. Rf1 Rfe8 27. Bd3 Re3 28. Rgg1 Kf6 29.
Rh1 Rg3 30. hxg6 hxg6 31. Rh7 Rg4 32. Bc4 Rxf4 33. Rxf4 Nxf4 34. Rxc7 b5 35. Bf1 g5 36. Rc6+ Ke5 37. Rxa6 g4 38. Ra7 g3 39. Rg7 g2 40. Bxg2 Kf6 41. Rb7 Nxg2 42. Rb6+ Kg5 43. Rxb5 Kg4 44. c4 Ne3 45. b3 f4 46. Re5 Nf5 47.
Kb2 f3 48. Re4+ Kg3 49. Re5 Kf4 50. Re1 Ne3 51. Rh1 f2 0-1

[Event "Early-Titled-Tuesday-Blitz-January-16-2024"]
[Site "Chess.com"]
[Date "2024.01.16"]
[Round "10"]
[White "MITerryble"]
[Black "Durarbayli"]
[Result "1-0"]
[WhiteElo "3030"]
[BlackElo "2854"]
[TimeControl "180+1"]
[EndTime "9:58:36 PST"]
[Termination "MITerryble won on time"]

1. b3 d5 2. Bb2 c5 3. e3 a6 4. Nf3 Nc6 5. d4 Nf6 6. Bd3 cxd4 7. exd4 Nb4 8. Be2 Bf5 9. Na3 e6 10. O-O Be7 11. c3 Nc6 12. Nc2 h6 13. Ne3 Be4 14. Ne5 Rc8 15. c4 O-O 16. Nxc6 Rxc6 17. c5 Bh7 18. b4 Ne4 19. f3 Bg5 20. Nc2 Nf6 21. a4 Nh5 22. g3 Be7 23. Bd3 Bxd3 24. Qxd3 Nf6 25. Rfe1 Qb8 26. Kg2 Rcc8 27. Re2 Nd7 28. Ne3 Rfe8 29. Rae1 Bf8 30. Ng4 b5 31. Ra1 Qb7 32. axb5 axb5 33. Ra5 Rb8 34. Bc1 Qc6 35. Rea2 e5 36. Nxe5 Nxe5 37. dxe5 d4 38. Qxd4 Rbd8 39. Qe4 Qe6 40. Be3 Rd1 41. Qc2 Red8 42. Bf2 Qxe5 43. Qe2 Qf5 44. Rxb5 Rc1 45. Rba5 Rb8 46. b5 Qb1 47. b6 Rd1 48. Rb2 Qc1 49. Rc2 Qb1 50. Raa2 Rd5 51. Rab2 Qa1 52. c6 Rh5 53. c7 Rc8 54. b7 Rxc7 55. Rxc7 1-0

[Event "Early-Titled-Tuesday-Blitz-January-16-2024"]
[Site "Chess.com"]
[Date "2024.01.16"]
[Round "10"]
[White "shimastream"]
[Black "Polish_fighter3000"]
[Result "0-1"]
[WhiteElo "3015"]
[BlackElo "3089"]
[TimeControl "180+1"]
[EndTime "9:58:37 PST"]
[Termination "Polish_fighter3000 won on time"]

1. e4 c5 2. d4 cxd4 3. Qxd4 Nc6 4. Qd3 g6 5. Nc3 Bg7 6. Nf3 d6 7. Be2 Nf6 8. O-O O-O 9. Nd5 Nd7 10. c3 Nc5 11. Qc2 b6 12. Bg5 h6 13. Bh4 g5 14.
Bg3 e6 15. Ne3 f5 16. exf5 exf5 17. Bc4+ Kh8 18. Bd5 Qc7 19. Bxc6 Qxc6 20. Nd4 Qd7 21. f4 g4 22. Rad1 Bb7 23. Rfe1 Be4 24. Qd2 Bf6 25. Qf2 Nd3 26. Rxd3 Bxd3 27. Rd1 Be4 28. Bh4 Bg7 29. Nc4 Qc7 30. b3 Qd7 31. Ne2 d5 32. Ne5 Qe6 33. Nd4 Qe8 34. Be7 Rg8 35. Qh4 Rc8 36. Bf6 Kh7 37.
Be7 Rc7 38. Bd6 Rb7 39. a4 Qd8 40. Qxd8 Rxd8 41. Ba3 Rc8 42. Nb5 Rbb8 43. Bd6 a6 44. Bxb8 axb5 45. Ba7 bxa4 46. bxa4 Rxc3 47. Rd2 Rb3 48.
Kf2 h5 49. g3 Bf8 50. Nd7 Bb4 51. Ra2 Ba5 52. Rd2 Bxd2 0-1

[Event "Early-Titled-Tuesday-Blitz-January-16-2024"]
[Site "Chess.com"]
[Date "2024.01.16"]
[Round "10"]
[White "PawnEatingZombie"]
[Black "FredddieCroderg"]
[Result "0-1"]
[WhiteElo "2148"]
[BlackElo "2343"]
[TimeControl "180+1"]
[EndTime "9:58:37 PST"]
[Termination "FredddieCroderg won on time"]

1. e4 c6 2. Nf3 d5 3. d3 h6 4. Be2 Na6 5. O-O Bg4 6. h3 Bh5 7.
c3 e6 8. Nbd2 Nf6 9. Ne5 Bxe2 10. Qxe2 Bd6 11. d4 Nb8 12. f4 dxe4 13. Nxe4 Be7 14.
f5 Nxe4 15. Qxe4 Qd5 16. Qg4 Nd7 17. fxe6 Nxe5 18. dxe5 Qxe6 19. Qxg7 O-O-O 20. Qxf7 Bc5+ 21. Kh1 Qxf7 22. Rxf7 Rd1+ 23. Kh2 Re8 24. b4 Bb6 25. Bb2 Rd2 26. Ba3 Rxe5 27. b5 c5 28. Raf1 Rxa2 29.
Bc1 Re8 30. Bxh6 Bc7+ 31. Kh1 a5 32. Bf4 Bxf4 33. R7xf4 a4 34. h4 a3 35. h5 Ree2 36. Rg4 Re5 37. Rh4 Rb2 38. h6 Re8 39. Ra1 a2 40.
Kh2 Rg8 41. Kh3 Rgxg2 42. h7 Rh2+ 43. Kg4 Rbg2+ 44. Kh5 Rxh4+ 45. Kxh4 Rh2+ 46. Kg4 Rxh7 47. Rxa2 Rd7 48. Kf4 Kc7 49. Ke4 Kb6 50. Rb2 c4 51.
Rb4 Kc5 52. b6 Rd3 53. Ke5 Rxc3 54. Ra4 Rb3 55. Ra5+ Rb5 0-1

[Event "Early-Titled-Tuesday-Blitz-January-16-2024"]
[Site "Chess.com"]
[Date "2024.01.16"]
[Round "10"]
[White "PepeCuenca"]
[Black "hakanazeri2"]
[Result "0-1"]
[WhiteElo "2692"]
[BlackElo "2572"]
[TimeControl "180+1"]
[EndTime "9:58:40 PST"]
[Termination "hakanazeri2 won by checkmate"]

1. d4 d5 2. Bf4 Nf6 3. e3 c5 4.
dxc5 Nc6 5. Bb5 Bd7 6. c3 a5 7. b4 e6 8. Qb3 Ne4 9. Ne2 g5 10. Bg3 axb4 11. cxb4 Bg7 12. Nbc3 Nxc3 13. Nxc3 O-O 14.
Rd1 Bxc3+ 15. Qxc3 Rxa2 16. O-O Nd4 17. Bd3 Ne2+ 18. Bxe2 Rxe2 19. Bd6 Re8 20. Be5 f5 21. Bf6 Qc7 22. Bxg5 Bb5 23. Rfe1 Ra8 24. Bf4 Qg7 25. Be5 Qg4 26. Rxe2 Qxe2 27. Re1 Qc4 28. h3 Ra4 29. Rb1 Qe4 30. Bg3 Qxb1+ 31. Kh2 Ra1 32. Bf4 Qg1+ 33. Kg3 Bf1 34. Qf6 Qxg2+ 35. Kh4 Qxh3+ 36. Kg5 Qg4+ 37. Kh6 Qg6+ 38. Qxg6+ hxg6 39. Kxg6 Bc4 40. Kf6 Ra6 41. Bd6 Ra4 42. f4 Rxb4 43. Ke5 Rb3 44. Kxe6 d4+ 45. Kxf5 d3 46. Kg4 d2 47. Kg5 d1=Q 48.
Kf6 Qd5 49. Ke7 Qe6+ 50. Kd8 Ra3 51. Kc7 Ra8 52. Kb6 Qd7 53. c6 Qxc6# 0-1

[Event "Early-Titled-Tuesday-Blitz-January-16-2024"]
[Site "Chess.com"]
[Date "2024.01.16"]
[Round "10"]
[White "LeoWin2012"]
[Black "Roedor"]
[Result "1-0"]
[WhiteElo "2254"]
[BlackElo "2374"]
[TimeControl "180+1"]
[EndTime "9:58:41 PST"]
[Termination "LeoWin2012 won on time"]

1. e4 e5 2. Nf3 Nc6 3. d4 exd4 4.
Nxd4 Nf6 5. Nc3 Bb4 6. Nxc6 bxc6 7. Bd3 O-O 8. O-O d5 9. exd5 cxd5 10. Bg5 c6 11. Qf3 h6 12. Bxf6 Qxf6 13. Qxf6 gxf6 14. Ne2 Bd6 15. Nd4 Bd7 16. Nf5 Bxf5 17. Bxf5 Rab8 18. b3 Rfe8 19. Rfe1 Re5 20. Bd3 Kg7 21. Kf1 f5 22. c4 Kf6 23. Rad1 Bb4 24. Rxe5 Kxe5 25. cxd5 cxd5 26. Ke2 Rc8 27. g3 f4 28. Kf3 fxg3 29.
fxg3 Rc3 30. Kg4 d4 31. Kh5 Rc6 32. Bc4 Rf6 33. a4 a5 34. Rd3 Bc3 35. g4 Ke4 36. h4 Rc6 37. Rd1 Rf6 38. g5 hxg5 39. hxg5 Rf2 40. Rd3 Kf4 41. Rh3 Ke5 42. g6 Rf5+ 43.
Kh6 fxg6 44. Kxg6 Rf2 45. Rd3 Ke4 46. Kg5 Rg2+ 47. Kh4 Rg7 48. Kh3 Rc7 49. Rd1 Ke3 50. Kg2 Bb4 51. Rd3+ Ke4 52. Rd1 Rg7+ 53. Kf2 1-0

[Event "Early-Titled-Tuesday-Blitz-January-16-2024"]
[Site "Chess.com"]
[Date "2024.01.16"]
[Round "10"]
[White "Herzog2012"]
[Black "GrotBchess"]
[Result "1-0"]
[WhiteElo "2540"]
[BlackElo "2316"]
[TimeControl "180+1"]
[EndTime "9:58:42 PST"]
[Termination "Herzog2012 won by resignation"]

1. e4 c5 2. Nf3 e6 3. g3 Nc6 4.
Bg2 d5 5. exd5 exd5 6. d4 Nf6 7. O-O Be7 8. Nbd2 O-O 9. dxc5 Bxc5 10. Nb3 Bb6 11.
h3 h6 12. Nbd4 Re8 13. c3 Bd7 14. Bf4 Bc7 15. Bxc7 Qxc7 16. Re1 Rxe1+ 17. Qxe1 Re8 18. Qf1 a6 19. Re1 Qc8 20. Rxe8+ Qxe8 21. Nxc6 bxc6 22. Qxa6 Bf5 23. Nd4 Bd7 24. Qe2 Qc8 25. Nb3 Bxh3 26. Nc5 Bxg2 27. Kxg2 h5 28. a4 h4 29. a5 h3+ 30.
Kg1 Qf5 31. f3 Qb1+ 32. Kh2 g5 33. a6 g4 34. fxg4 Qa1 35. g5 Ne4 36. Nxe4 dxe4 37. Kxh3 Qh1+ 38. Kg4 Qh7 39. Kf4 Qg6 40. Qxe4 Qd6+ 41.
Kg4 Qd1+ 42. Qf3 Qd7+ 43. Qf5 Qd1+ 44. Qf3 Qd7+ 45. Kh4 c5 46. Qa8+ Kh7 47. Qf3 Kg7 48. Qf6+ Kg8 49. g6 fxg6 50. Qxg6+ Kf8 51. Qf6+ Kg8 52.
Qg5+ Kh7 53. Qh5+ Kg7 54. Qg4+ Qxg4+ 55. Kxg4 1-0

[Event "Early-Titled-Tuesday-Blitz-January-16-2024"]
[Site "Chess.com"]
[Date "2024.01.16"]
[Round "10"]
[White "Yeritsyaan"]
[Black "PolandHussars"]
[Result "1/2-1/2"]
[WhiteElo "2649"]
[BlackElo "2600"]
[TimeControl "180+1"]
[EndTime "9:58:43 PST"]
[Termination "Game drawn by repetition"]

1. d4 Nf6 2. c4 c5 3. d5 e6 4. Nc3 exd5 5. cxd5 d6 6. Nf3 g6 7. h3 Bg7 8. Bf4 a6 9. a4 Nh5 10. Bh2 O-O 11. e3 f5 12. Bd3 f4 13. O-O Nd7 14.
Ne4 Ne5 15. Nxe5 Bxe5 16. exf4 Nxf4 17. Bc2 Bxb2 18. Rb1 Be5 19. Re1 Bf5 20. Nxc5 Bxc2 21. Qxc2 Rc8 22. Nxb7 Rxc2 23. Nxd8 Rxd8 24. Rb7 Nd3 25.
Bxe5 Nxe1 26. Bf6 Rdc8 27. Rg7+ Kf8 28. Rxh7 Nd3 29. g4 R2c7 30. Rh6 Nf4 31. g5 Nxd5 32.
Rxg6 Nxf6 33. Rxf6+ Kg7 34. Rxd6 Rc6 35. Rd7+ Kg6 36.
h4 Rc4 37. Rd6+ Kf5 38. Rf6+ Kg4 39. Rh6 Rf4 40. g6 Kh3 41. Kf1 Rc1+ 42. Ke2 Rc2+ 43.
Ke3 Rfxf2 44. h5 Rg2 45. Rh7 Rc3+ 46. Kf4 Rc4+ 47. Kf3 Rxa4 48. g7 Ra3+ 49. Kf4 Rag3 50.
h6 a5 51. Rh8 a4 52. Ra8 a3 53. Ra5 Rg4+ 54. Kf3 R2g3+ 55. Kf2 Rh4 56. Rxa3 Rxa3 57. g8=Q Rxh6 58. Qc8+ Kh2 59. Qc7+ Kh3 60. Qd7+ Kh2 61. Qc7+ Kh3 62. Qc8+ Kh2 63. Qb8+ Kh3 64. Qb7 Rf6+ 65.
Ke2 Ra2+ 66. Ke3 Raf2 67. Qh7+ Kg4 68. Qg7+ Kh5 69. Qh7+ Kg5 70. Qg7+ Kh5 71. Qh7+ Kg5 72. Qg7+ Kh5 1/2-1/2

[Event "Early-Titled-Tuesday-Blitz-January-16-2024"]
[Site "Chess.com"]
[Date "2024.01.16"]
[Round "10"]
[White "iwanyu"]
[Black "only_strong_moves"]
[Result "0-1"]
[WhiteElo "2662"]
[BlackElo "2553"]
[TimeControl "180+1"]
[EndTime "9:58:45 PST"]
[Termination "only_strong_moves won on time"]

1. d4 Nf6 2. c4 e6 3. Nf3 Bb4+ 4. Nbd2 d5 5. Qa4+ Nc6 6. a3 Bxd2+ 7. Bxd2 O-O 8. e3 Ne4 9. Qc2 Nxd2 10. Qxd2 Qf6 11. Rc1 Rd8 12. Qc3 Ne7 13. Bd3 dxc4 14. Bxc4 b6 15.
O-O Bb7 16. Be2 Nd5 17. Qb3 Rac8 18. Rfd1 Ba8 19. Qa4 a5 20. Ba6 Rb8 21. Ne5 Qe7 22. Nc6 Bxc6 23. Qxc6 Rd6 24. Qa4 e5 25. Bf1 h6 26.
dxe5 Qxe5 27. Qd4 Qe7 28. Qc4 Rbd8 29. Re1 c5 30. g3 Qe5 31. Qc2 Nf6 32. Red1 Rxd1 33.
Rxd1 Rxd1 34. Qxd1 Qxb2 35. Qd8+ Kh7 36. Qc7 Qb3 37. a4 g6 38. Bb5 Kg7 39. Kg2 Qd5+ 40.
Kg1 Qf3 41. Bc4 Ng4 42. Qf4 Qxf4 43. gxf4 Nf6 44. f3 Ne8 45. Kf2 Nd6 46. Ba6 f5 47. Ke2 Kf6 48. Kd3 Ke6 49. e4 g5 50. e5 Nf7 51.
Bc8+ Kd5 52. Bb7+ Ke6 53. Bc8+ Ke7 54. Bxf5 gxf4 55. Ke4 c4 56. Kxf4 c3 57. Bb1 b5 58.
axb5 a4 59. Ke3 Nxe5 60. f4 a3 61. fxe5 c2 62. Bxc2 a2 0-1

[Event "Early-Titled-Tuesday-Blitz-January-16-2024"]
[Site "Chess.com"]
[Date "2024.01.16"]
[Round "10"]
[White "Zampronha1971"]
[Black "Carlitus2004"]
[Result "0-1"]
[WhiteElo "2343"]
[BlackElo "2448"]
[TimeControl "180+1"]
[EndTime "9:58:45 PST"]
[Termination "Carlitus2004 won by checkmate"]

1. e4 Nc6 2. Nf3 d6 3. d4 g6 4. Bb5 Bd7 5. O-O Bg7 6. Re1 e5 7. Bxc6 Bxc6 8. Nc3 Ne7 9. Bg5 h6 10. Be3 O-O 11. dxe5 dxe5 12. Bc5 Qxd1 13. Raxd1 Rfe8 14. Nd5 Bxd5 15. exd5 Nf5 16. g4 Nd6 17. Bxd6 cxd6 18.
Nd2 f5 19. Nc4 Red8 20. gxf5 gxf5 21. Ne3 Rf8 22. c4 Rac8 23. b3 Rf6 24. Kf1 Kf7 25. Ke2 Ke7 26. Rg1 Kf7 27. f4 exf4 28. Ng2 Re8+ 29.
Kf3 Rg6 30. Nxf4 Rxg1 31. Rxg1 Re4 32. Rg2 Be5 33. Nd3 Bd4 34. Re2 Rh4 35. Kg3 Rg4+ 36.
Kf3 Rh4 37. Kg3 Rg4+ 38. Kf3 Rg1 39. Re6 Rd1 40. Ke2 Ra1 41. Rxd6 Rxa2+ 42. Kf3 Rxh2 43.
Rd7+ Kf6 44. Rxb7 Rd2 45. Nf4 Rd1 46. Ne2 Rf1+ 47. Kg3 Be5+ 48. Kg2 Re1 49. Kf2 Rd1 50.
Rxa7 h5 51. Ra6+ Kg5 52. Re6 Bh2 53. c5 h4 54. d6 Kg4 55. Kg2 Bg3 56. Nxg3 hxg3 57.
c6 f4 58. Rg6+ Kf5 59. Rh6 Rd2+ 60. Kg1 Kg4 61. c7 Rd1+ 62. Kg2 f3# 0-1

[Event "Early-Titled-Tuesday-Blitz-January-16-2024"]
[Site "Chess.com"]
[Date "2024.01.16"]
[Round "10"]
[White "ZuraTqebuchava"]
[Black "Masterisback04"]
[Result "1-0"]
[WhiteElo "2148"]
[BlackElo "1785"]
[TimeControl "180+1"]
[EndTime "9:58:46 PST"]
[Termination "ZuraTqebuchava won by checkmate"]

1. e4 c6 2. d4 d5 3. exd5 cxd5 4. Bd3 Nc6 5. c3 Qc7 6. h3 Nf6 7. Nf3 e6 8. O-O h6 9. a4 a5 10.
Na3 Bxa3 11. Rxa3 O-O 12. Bb1 Bd7 13. Qd3 Ne7 14. Ne5 Rab8 15. Bxh6 gxh6 16. Qg3+ Ng6 17.
Bxg6 fxg6 18. Qxg6+ Kh8 19. Qxh6+ Nh7 20. Ng6+ Kg8 21.
Nxf8 Rxf8 22. c4 Rf6 23. Rg3+ Kf7 24. Rg7+ Ke8 25. Qxh7 Rf8 26. cxd5 exd5 27. Re1+ Kd8 28. Qh4+ Kc8 29. Ree7 Rd8 30. Rxd7 Rxd7 31. Qh8+ Rd8 32. Rxc7+ Kxc7 33. Qxd8+ Kxd8 34. h4 Ke7 35. g3 Kf6 36. g4 Kg6 37. f4 Kf6 38. Kg2 Kg6 39. Kg3 b6 40. h5+ Kh6 41. Kh4 Kh7 42. g5 Kg7 43. f5 Kf7 44. h6 Kg8 45. g6 b5 46.
axb5 a4 47. Kg5 a3 48. bxa3 Kh8 49. g7+ Kh7 50. Kf6 Kg8 51. h7+ Kxh7 52. Kf7 Kh6 53. g8=Q Kh5 54. Kf6 Kh4 55. Ke5 Kh3 56. Kf4 Kh2 57.
Kf3 Kh1 58. Qg2# 1-0

[Event "Early-Titled-Tuesday-Blitz-January-16-2024"]
[Site "Chess.com"]
[Date "2024.01.16"]
[Round "10"]
[White "Tejas_Rama"]
[Black "RobertoJBM"]
[Result "0-1"]
[WhiteElo "2597"]
[BlackElo "2799"]
[TimeControl "180+1"]
[EndTime "9:58:48 PST"]
[Termination "RobertoJBM won by resignation"]

1. d4 d5 2. c4 c6 3. Nc3 Nf6 4. e3 a6 5. Nf3 Bf5 6. cxd5 cxd5 7. Qb3 Ra7 8. Nh4 Bc8 9. Bd3 e6 10. Nf3 Bd6 11. O-O O-O 12. Bd2 b5 13. Rfc1 Bb7 14. Qd1 Nc6 15. h3 Ba8 16. Be1 Rc7 17. Ne2 Qb8 18. a4 b4 19. Bxa6 Qb6 20. Bb5 Rfc8 21.
Rc2 Na7 22. Rxc7 Rxc7 23. Bd3 Ne4 24. Rc1 Bc6 25. Ne5 Be8 26. Bxe4 dxe4 27. Nc4 Qa6 28. Nxd6 Qxd6 29. Rxc7 Qxc7 30. Bxb4 Qc4 31. Bc5 Bxa4 32. Qc1 Qxe2 33. Bxa7 h5 34. b4 Bb5 35. Bc5 g5 36.
Be7 g4 37. hxg4 Qxg4 38. Bd6 Kh7 39. Kh2 Qf5 40. Qc5 Kg6 41. Qxf5+ Kxf5 42. Kg3 Bf1 43.
Bc5 f6 44. Kh2 Kg4 45. Kg1 Bb5 46. Kh2 h4 47. Be7 f5 48. Bd6 Bc4 49. Kg1 Be2 50.
Kh2 Bb5 51. Be5 Bc6 52. Bf4 Bb5 53. f3+ exf3 54. gxf3+ Kxf3 55. Kh3 Ke4 56. Kxh4 Kd5 57. Kg5 Bc4 58. Kf6 Kc6 59. Bg3 Kb5 60. Ke5 Kxb4 61. Be1+ Kb5 62. Bh4 Bd5 63. Bg5 Kc4 64. Bf4 Kd3 65.
Bg5 Ke2 66. Bf4 Kf3 67. Kd6 Ke4 68. Ke7 Ba2 69. Kd6 Bb3 70. Be5 Kxe3 71. Bf4+ Kxf4 0-1

[Event "Early-Titled-Tuesday-Blitz-January-16-2024"]
[Site "Chess.com"]
[Date "2024.01.16"]
[Round "10"]
[White "Oleksandr_Bortnyk"]
[Black "evgchess5"]
[Result "1-0"]
[WhiteElo "3102"]
[BlackElo "2980"]
[TimeControl "180+1"]
[EndTime "9:58:49 PST"]
[Termination "Oleksandr_Bortnyk won on time"]

1. e4 e5 2. Nf3 Nc6 3. Bb5 Nf6 4. Nc3 Bc5 5. d3 d6 6. Bg5 h6 7. Bh4 a6 8. Bxc6+ bxc6 9. d4 exd4 10. Nxd4 Bd7 11.
O-O O-O 12. Nb3 Bb6 13. e5 dxe5 14. Ne4 Bf5 15. Nxf6+ gxf6 16. Qf3 Bxc2 17. Bxf6 Qd5 18. Qg3+ Bg6 19. Bxe5 Rac8 20. Rad1 Qe6 21. Rfe1 Rfe8 22.
h4 h5 23. Nd4 Qg4 24. Nxc6 Re6 25. Qxg4 hxg4 26. Nd8 Re8 27. Bf6 Rxe1+ 28. Rxe1 Kf8 29. Nc6 Re8 30. Rxe8+ Kxe8 31. g3 Kd7 32. Ne5+ Ke6 33. Nxg6 fxg6 34. Bc3 Kd5 35. Kf1 Ke4 36. Ke2 c6 37. b3 Ba7 38. Ba5 Bc5 39. Bc7 Bd4 40. Bf4 Bc5 41. Be3 Bb4 42. Bb6 Ba3 43. Kd2 Bb4+ 44. Ke2 Ba3 45. Be3 Bb4 46. Bc1 Bc5 47. Bd2 Bd4 48. Bb4 Be5 49. Bc5 Bf6 50. Kd2 Be5 51. b4 Bf6 52. a4 Be5 53. Kc2 Bf6 54. Kb3 Kd3 55. Be3 Be5 56. Ba7 Bf6 57. Bc5 Be5 58.
Bb6 Bf6 59. Ka3 Be5 60. Ka2 1-0

[Event "Early-Titled-Tuesday-Blitz-January-16-2024"]
[Site "Chess.com"]
[Date "2024.01.16"]
[Round "10"]
[White "Martial2008"]
[Black "platy3"]
[Result "1/2-1/2"]
[WhiteElo "2740"]
[BlackElo "2890"]
[TimeControl "180+1"]
[EndTime "9:58:49 PST"]
[Termination "Game drawn - insufficient material"]

1. d4 Nf6 2. Nf3 g6 3. Bg5 Bg7 4. Nbd2 O-O 5. c3 d6 6. e4 c5 7. dxc5 dxc5 8. Be2 Nc6 9. O-O Qc7 10. Qc2 b6 11. Rad1 Bb7 12. Nc4 h6 13. Bh4 Nh5 14. Ne3 e6 15. Nd2 Nf4 16. Ndc4 g5 17. Bg3 Rfd8 18.
a4 a6 19. Kh1 b5 20. Nd2 c4 21. Nf3 Ne5 22. Nxe5 Qxe5 23. Bf3 Qc5 24. h4 Nd3 25. Qe2 Rd7 26. hxg5 hxg5 27. Ng4 Rad8 28. e5 Bxf3 29.
Qxf3 Qd5 30. Nf6+ Bxf6 31. Qxf6 Qe4 32. Qxg5+ Qg6 33. Qxg6+ fxg6 34. Rd2 bxa4 35. Ra1 Nc5 36. Rxd7 Rxd7 37. Bf4 Nd3 38. Be3 Nxb2 39. Ra2 Rb7 40. Kh2 Rb3 41. Kg3 a3 42. Bd4 Na4 43. Kf3 Nxc3 44.
Bxc3 Rxc3+ 45. Ke4 Rb3 46. Kd4 c3 47. Kc4 Rb2 48.
Rxa3 c2 49. Rc3 a5 50. Kd3 g5 51. Rxc2 Rxc2 52. Kxc2 Kf7 53. Kb3 g4 54. Ka4 Kg6 55. Kxa5 Kf5 56. Kb4 Kxe5 57. Kc3 Kf4 58. Kd2 e5 59. Ke2 g3 60. fxg3+ Kxg3 61. Ke3 Kxg2 62. Ke4 Kg1 63. Kxe5 1/2-1/2

[Event "Early-Titled-Tuesday-Blitz-January-16-2024"]
[Site "Chess.com"]
[Date "2024.01.16"]
[Round "10"]
[White "SpongeBob_03"]
[Black "Witty_Alien"]
[Result "1-0"]
[WhiteElo "2224"]
[BlackElo "2339"]
[TimeControl "180+1"]
[EndTime "9:58:50 PST"]
[Termination "SpongeBob_03 won on time"]

1. e4 c5 2. Nf3 d6 3. d4 cxd4 4. Nxd4 Nf6 5. Nc3 a6 6. Bg5 e6 7. f4 Qc7 8. Qf3 b5 9. Bd3 Be7 10. O-O-O h6 11. Qh3 b4 12. Nce2 Nc6 13. Nxc6 Qxc6 14.
Nd4 Qc5 15. Nb3 Qb6 16. e5 dxe5 17. fxe5 Nd5 18. Bxe7 Nxe7 19. Be4 Bb7 20. Rd6 Qc7 21. Bxb7 Qxb7 22. Nc5 Qc7 23. Nxe6 fxe6 24. Qxe6 Rc8 25. Qb3 Qc4 26. Qa4+ Qb5 27. Qb3 Qc4 28. Qa4+ Qb5 29. Qxa6 Qxa6 30. Rxa6 O-O 31. Rd1 Rf2 32. Rd2 Rf1+ 33.
Rd1 Rf5 34. e6 Nd5 35. Re1 Rf6 36. Rd6 Nb6 37. Rxb6 Rf2 38. Kb1 Rcxc2 39. Rxb4 Rce2 40. Rxe2 Rxe2 41. Rb6 Rxg2 42. e7 Kf7 43. Rb7 Rxh2 44. a4 h5 45. a5 Re2 46. a6 Re6 47. a7 Ra6 48. b4 h4 49. b5 Ra5 50. b6 h3 51. Rd7 h2 52. Rd1 Ra6 53. b7 Rxa7 54.
b8=Q Rxe7 55. Qxh2 1-0

[Event "Early-Titled-Tuesday-Blitz-January-16-2024"]
[Site "Chess.com"]
[Date "2024.01.16"]
[Round "10"]
[White "hmatyi07"]
[Black "guillembaches"]
[Result "0-1"]
[WhiteElo "2231"]
[BlackElo "2520"]
[TimeControl "180+1"]
[EndTime "9:58:53 PST"]
[Termination "guillembaches won by resignation"]

1. e4 d5 2. exd5 Qxd5 3. Nc3 Qa5 4. Bc4 Nf6 5. d3 a6 6. Bd2 Qe5+ 7. Qe2 Qxe2+ 8. Ngxe2 b5 9. Bb3 Bb7 10. f3 e6 11.
O-O-O Nbd7 12. Bf4 O-O-O 13. Ng3 Nc5 14. Nge4 Nxb3+ 15. axb3 Be7 16. Nxf6 Bxf6 17. Ne4 Be7 18. Rhe1 Kd7 19.
d4 Bd5 20. Nc5+ Bxc5 21. dxc5 Kc8 22. b4 f6 23. Bg3 Rhe8 24. Rd2 e5 25. Bf2 Kb7 26. h3 Kc6 27. Re3 Rd7 28. Ra3 Kb7 29. b3 Red8 30. Be3 Be6 31. Rxd7 Rxd7 32. Ra1 Bd5 33.
Kb2 Bc6 34. Rb1 f5 35. Kc1 f4 36. Bd2 g5 37. Be1 e4 38. fxe4 Bxe4 39. g3 Bg2 40. h4 h6 41. hxg5 hxg5 42. gxf4 gxf4 43. Rb2 Bf3 44. Bd2 Be2 45. c3 f3 46. Be3 Rd3 47. Bd4 Kc6 48. Rd2 Rxd4 49. Rxd4 f2 50. Rf4 f1=Q+ 51. Rxf1 Bxf1 52. Kd2 Bh3 53. c4 Be6 54.
Kc3 Bf7 55. Kd4 Bg8 56. Kc3 Kd7 57. Kd4 c6 58. Ke5 bxc4 59. bxc4 Bxc4 60. Kd4 Bb5 61. Ke5 Ke7 62. Kf5 Kf7 63. Ke5 Kg6 64. Kd6 Kf5 65. Kc7 Ke4 66. Kb6 Kd4 0-1

[Event "Early-Titled-Tuesday-Blitz-January-16-2024"]
[Site "Chess.com"]
[Date "2024.01.16"]
[Round "10"]
[White "Nasrin_Babayeva"]
[Black "UNSTOPPABLE_LEGEND"]
[Result "1/2-1/2"]
[WhiteElo "1913"]
[BlackElo "2508"]
[TimeControl "180+1"]
[EndTime "9:58:55 PST"]
[Termination "Game drawn by repetition"]

1. e4 Nc6 2. d3 e5 3. Nd2 Nf6 4. c3 d5 5. Ngf3 Bc5 6. Be2 O-O 7. O-O a5 8. a3 Re8 9. Rb1 a4 10. exd5 Nxd5 11. Ne4 Bf8 12. Nfg5 h6 13. Nf3 f5 14. Ng3 Qf6 15. Bd2 Be6 16. c4 Nb6 17. Bc3 Rad8 18. Re1 Bc5 19. Qc2 Nd4 20. Bxd4 Bxd4 21. c5 Bb3 22.
Qc1 Nd5 23. Nxd4 exd4 24. Bf3 c6 25. Nh5 Qg6 26. Rxe8+ Rxe8 27. Nf4 Qf7 28. Bh5 Qe7 29. Bxe8 Qxe8 30. Nxd5 Bxd5 31. Qf4 Qg6 32. f3 Qe6 33.
Kf2 Qe7 34. Qxd4 Qg5 35. Qe3 f4 36. Qd4 Qh4+ 37. Kg1 Qg5 38. Rf1 Kh7 39. Qxa4 Qf6 40. d4 Qg6 41. Qd1 h5 42. Rf2 Qf6 43. Qd3+ Kh6 44.
Re2 Bf7 45. Qd2 h4 46. Re4 g5 47. Re5 h3 48. gxh3 Bd5 49. Qg2 Qg6 50. Re1 Qd3 51. Qg4 Qxd4+ 52. Kh1 Qf2 53. Re6+ Bxe6 54. Qxe6+ Kh5 55. Qf7+ Kh6 56. Qf6+ Kh7 57. Qf7+ Kh8 58. Qf8+ Kh7 59. Qf7+ Kh6 60. Qf6+ Kh5 61. Qf7+ Kh6 1/2-1/2